 Dungeon Crawl Stone Soup version 0.23.0-41-g86b089e62c (webtiles) character file.

Game seed: 545831395716012488

2884 MisterOstroum the Gouger (level 9, -1/45 HPs)
             Began as a Felid Berserker on Feb 28, 2019.
             Was a Priest of Trog.
             Slain by a hippogriff (4 damage)
             ... on level 7 of the Dungeon.
             The game lasted 00:34:51 (6837 turns).

MisterOstroum the Gouger (Felid Berserker)          Turns: 6837, Time: 00:34:52

Health: -1/45      AC:  2    Str: 16    XL:     9   Next: 48%
Magic:  10/10      EV: 22    Int:  8    God:    Trog [***...]
Gold:   450        SH:  0    Dex: 16    Spells: 8/8 levels left
                                        Lives:  0   Deaths: 2

rFire    x . .     SeeInvis +     - Unarmed
rCold    + . .     Gourm    .   (shield unavailable)
rNeg     . . .     Faith    .   (armour unavailable)
rPois    .         Spirit   .   (helmet unavailable)
rElec    .         Reflect  .   (cloak unavailable)
rCorr    .         Harm     .   (gloves unavailable)
MR       ++++.                  (boots unavailable)
Stlth    ++........             (no amulet)
HPRegen  1.15/turn              u - ring of protection from magic
MPRegen  0.12/turn              v - ring of ice

@: berserk cooldown, regenerating, slowed, slow
A: very small, no armour, no weapons or thrown items, stealth, claws 1, fangs 3,
see invisible, carnivore, speed 1, shaggy fur 2, slow metabolism 1, sharp paws
a: Berserk, Trog's Hand, Renounce Religion


You were on level 7 of the Dungeon.
You worshipped Trog.
Trog was most pleased with you.
You were very full.

You visited 1 branch of the dungeon, and saw 7 of its levels.

You collected 450 gold pieces.

Inventory:

Jewellery
 u - a ring of protection from magic (left paw)
 v - a ring of ice (right paw)
Wands
 x - a wand of iceblast (17)
 y - a wand of flame (14)
Scrolls
 d - 2 scrolls of teleportation {unknown}
 g - 9 scrolls of identify {unknown}
 h - 3 scrolls of remove curse {unknown}
 i - 2 scrolls of enchant weapon {unknown}
 j - a scroll of fear {unknown}
 l - a scroll of fog {unknown}
 m - a scroll of magic mapping {unknown}
 n - 4 scrolls of amnesia {unknown}
 p - a scroll of noise {unknown}
 t - 2 scrolls of random uselessness {unknown}
Potions
 b - 4 potions of agility {unknown}
 c - 3 potions of curing
 e - a potion of might {unknown}
 f - 2 potions of flight {unknown}
 k - 2 potions of magic
 o - a potion of lignification {unknown}
 q - a potion of heal wounds {unknown}
 r - a potion of brilliance {unknown}
 s - a potion of mutation {unknown}
 w - a potion of haste {unknown}
Comestibles
 a - 18 rations


   Skills:
 * Level 8.3 Fighting
 + Level 6.6 Dodging
 + Level 11.1 Unarmed Combat


You had 8 spell levels left.
You didn't know any spells.
Your spell library was empty.

Dungeon Overview and Level Annotations

Branches:
Dungeon (7/15)             Temple (0/1) D:5

Altars:
Ashenzari
Elyvilon
Gozag
Ru
Trog
Uskayaw
Xom

Shops:
D:5 *


Innate Abilities, Weirdness & Mutations

You cannot wear armour.
You are incapable of wielding weapons or throwing items.
Your paws allow you to move quietly. (Stealth)
You have sharp claws.
You have razor-sharp teeth.
You have supernaturally acute eyesight. (SInv)
You are carnivorous and can eat meat at any time.
You cover ground quickly.
You are covered in thick fur. (AC +2)
You have a slow metabolism.
Your sharp claws are effective at attacking unaware monsters.


Message History

You bite the hippogriff, but do no damage.
The hippogriff is heavily wounded.
The hippogriff bites you!
* * * LOW HITPOINT WARNING * * *
The hippogriff barely misses you. The hippogriff claws you.
* * * LOW HITPOINT WARNING * * *
The hippogriff barely misses you. The hippogriff completely misses you.
The hippogriff barely misses you.
You feel better. The hippogriff completely misses you.
The hippogriff pecks you.
* * * LOW HITPOINT WARNING * * *
The hippogriff claws you.
* * * LOW HITPOINT WARNING * * *
The hippogriff completely misses you. x2; The hippogriff misses you.
Your skin crawls.
You feel resistant to hostile enchantments.
You feel quite a bit less full. The hippogriff bites you.
* * * LOW HITPOINT WARNING * * *
The hippogriff misses you. The hippogriff claws you.
You die...

######## ##......##
##..@.....##
#...H....†.#
#....s.....#
#..........#
#..........#########
#..................#
##.................#
#.................#
#.........<........#


You could see a hippogriff and a scorpion.

Vanquished Creatures
  Pikel (D:4)
  A deep elf mage (D:6)
  The ghost of LucaMisel the Chopper, a novice TeBe of Trog (D:6)
  Sigmund (D:4)
  The ghost of Tiagovsky the Cudgeler, an amateur GrFi (D:6)
  A phantom (D:5)
  3 ice beasts
  2 sky beasts
  3 ogres
  4 centaurs
  2 scorpions (D:5)
  The ghost of Sasha32global the Skirmisher, a weakling MiBe of Trog (D:3)
  4 wights (D:6)
  3 howler monkeys (D:7)
  A crimson imp (D:6)
  2 centaur zombies (D:5)
  An orc priest (D:6)
  2 orc wizards
  An iguana (D:6)
  2 worker ants
  A howler monkey zombie (D:5)
  7 adders
  A shadow imp (D:6)
  An adder skeleton (D:4)
  A worm (D:2)
  5 dart slugs
  5 leopard geckos
  13 orcs
  6 giant cockroaches
  A goblin (D:2)
  6 hobgoblins
  4 jackals (D:1)
  7 kobolds
  3 quokkas
  3 ball pythons
  7 bats
  8 frilled lizards
  A jackal zombie (D:5)
  A leopard gecko skeleton (D:7)
  12 rats
130 creatures vanquished.

Vanquished Creatures (others)
  A frilled lizard (D:4)
1 creature vanquished.

Grand Total: 131 creatures vanquished

Notes
Turn   | Place    | Note
-------+----------+-------------------------------------------
     0 | D:1      | MisterOstroum the Felid Berserker began the quest for the
                  | Orb.
     0 | D:1      | Reached XP level 1. HP: 10/10 MP: 2/2
   432 | D:1      | Reached XP level 2. HP: 13/14 MP: 3/3
  1025 | D:1      | Reached XP level 3. HP: 17/17 MP: 4/4
  1131 | D:1      | Reached ** piety under Trog
  1359 | D:2      | Found a white marble altar of Elyvilon.
  2066 | D:2      | Found a shimmering altar of Xom.
  2165 | D:3      | Reached skill level 4 in Unarmed Combat
  2165 | D:3      | Reached XP level 4. HP: 22/22 MP: 5/5
  2538 | D:3      | Slain by an orc
  2539 | D:3      | Reached XP level 3. HP: -5/18 MP: 4/4
  2552 | D:3      | Noticed Sasha32global's ghost (weakling MiBe)
  2594 | D:3      | Found a runed translucent gate.
  2594 | D:3      | Found a runed translucent gate.
  2596 | D:3      | Found a runed translucent gate.
  2624 | D:3      | Killed Sasha32global's ghost
  2624 | D:3      | Reached XP level 4. HP: 22/22 MP: 5/5
  2986 | D:3      | Reached *** piety under Trog
  2987 | D:3      | You fall through a shaft!
  3279 | D:4      | Noticed Sigmund
  3280 | D:4      | Noticed an ogre
  3291 | D:4      | Killed Sigmund
  3291 | D:4      | Reached skill level 5 in Fighting
  3291 | D:4      | Reached skill level 5 in Unarmed Combat
  3291 | D:4      | Reached XP level 5. HP: 26/26 MP: 6/6
  3291 | D:4      | Gained mutation: You are covered in thick fur. (AC +2)
                  | [Felid growth]
  3291 | D:4      | Reached XP level 6. HP: 30/30 MP: 7/7
  3368 | D:4      | Noticed a slave
  3369 | D:4      | Noticed a slave
  3369 | D:4      | Noticed a slave
  3369 | D:4      | Noticed Pikel
  3379 | D:4      | Noticed a slave
  3405 | D:4      | Killed Pikel
  3405 | D:4      | Reached skill level 6 in Unarmed Combat
  3405 | D:4      | Reached XP level 7. HP: 35/35 MP: 8/8
  3605 | D:4      | Found an opulent altar of Gozag.
  3780 | D:4      | Found a shattered altar of Ashenzari.
  3797 | D:4      | Reached skill level 7 in Unarmed Combat
  4046 | D:5      | Entered Level 5 of the Dungeon
  4079 | D:5      | HP: 1/36 [worker ant (4)]
  4079 | D:5      | Slain by a phantom
  4080 | D:5      | Reached XP level 6. HP: 0/33 MP: 7/7
  4080 | D:5      | Found Jiprog's Lightly-Used Armoury.
  4118 | D:5      | Reached XP level 7. HP: 33/36 MP: 8/8
  4362 | D:5      | Reached skill level 8 in Unarmed Combat
  4505 | D:5      | Reached skill level 5 in Dodging
  4548 | D:5      | Reached XP level 8. HP: 35/40 MP: 9/9
  4909 | D:5      | Found a staircase to the Ecumenical Temple.
  4998 | D:5      | Reached skill level 9 in Unarmed Combat
  5219 | D:6      | Found a bloodstained altar of Trog.
  5538 | D:6      | Found a runed translucent gate.
  5538 | D:6      | Found a runed translucent gate.
  5539 | D:6      | Found a runed translucent gate.
  5543 | D:6      | Noticed LucaMisel's ghost (novice TeBe)
  5543 | D:6      | Noticed Tiagovsky's ghost (amateur GrFi)
  5562 | D:6      | Killed Tiagovsky's ghost
  5587 | D:6      | HP: 2/40 [LucaMisel's ghost (10)]
  5895 | D:6      | Killed LucaMisel's ghost
  5895 | D:6      | Reached skill level 10 in Unarmed Combat
  5895 | D:6      | Reached XP level 9. HP: 33/44 MP: 10/10
  6215 | D:6      | Found a sacrificial altar of Ru.
  6329 | D:6      | Found a hide-covered altar of Uskayaw.
  6677 | D:6      | Noticed a deep elf mage
  6695 | D:6      | Killed a deep elf mage
  6804 | D:7      | Reached skill level 11 in Unarmed Combat
  6837 | D:7      | Slain by a hippogriff

Skill      XL: |  1  2  3  4  5  6  7  8  9 |
---------------+----------------------------+-----
Fighting       | 4 5 6 7 8 |  8.3
Unarmed Combat | 4 5 6 8 10 11 | 11.1
Dodging        | 5 6 |  6.6

Action                   |  1- 3 |  4- 6 |  7- 9 || total
-------------------------+-------+-------+-------++-------
Melee: Unarmed           |   124 |    69 |   200 ||   393
       Bite              |     7 |     8 |    27 ||    42
       Punch             |     3 |     3 |     8 ||    14
Invok: Berserk           |     5 |     5 |     9 ||    19
       Trog's Hand       |     1 |     2 |     6 ||     9
  Use: Potion            |       |       |     3 ||     3
 Stab: Sleeping          |     3 |       |     6 ||     9
       Distracted        |       |       |     1 ||     1
  Eat: Chunk             |    17 |     8 |    16 ||    41
       Ration            |       |       |     3 ||     3
Armor: Skin              |     8 |     2 |     2 ||    12
Dodge: Dodged            |    96 |    58 |   144 ||   298
